Cogmind - Beta 13 @@@ ROGUE MODE // 2024.06.17 @ 21:18:46 Player: DaddyWalrus Result: Destroyed by 8R-AWN with 8R-AWN's Boregun Performance ------------- Evolutions (0) 0 Regions Visited (3) 600 Robots Destroyed (27) 135 Value Destroyed (717) 717 Prototype IDs (23) 460 Alien Tech Used (0) 0 Bonus (375) 375 TOTAL SCORE: 2287 Bonus ------- Follower Combat Kills 75 Aligned with FarCom 300 Cogmind --------- Core Integrity 0/250 Matter 269/300 Energy 250/250 System Corruption 1% Temperature Cool (6) Movement Treading (320) Ox2 Location -10/Exiles Parts ------- > --- POWER (1) -------- Ion Engine > --- PROPULSION (2) --- Light Treads Wheel > --- UTILITY (2) ------ High-capacity Storage Unit > --- WEAPON (2) ------- Light Assault Rifle Light Assault Rifle > --- INVENTORY (20) --- Ion Engine Wheel Improved Heat Sink Core Shielding Light Armor Plating Beam Rifle Light Assault Rifle Grenade Launcher Hammer Peak State ------------ > --- POWER ------------ Ion Engine > --- PROPULSION ------- Light Treads Wheel > --- UTILITY ---------- High-capacity Storage Unit Core Shielding > --- WEAPON ----------- Light Assault Rifle Heavy Assault Rifle > --- INVENTORY -------- Ion Engine Light Treads Light Treads Wheel Wheel Wheel Improved Heat Sink High-capacity Matter Pod Structural Scanner Seismic Detector Weapon Shielding Medium Laser Beam Cannon Light Assault Rifle Light Assault Rifle Light Assault Rifle Light Assault Rifle Light Assault Rifle Grenade Launcher Hammer [Rating: 10] Favorites ----------- Power Ion Engine Engine Ion Engine Propulsion Light Treads Treads Light Treads Wheel Wheel Utility High-capacity Storage Unit Device Heat Sink Storage High-capacity Storage Unit Protection Core Shielding Weapon Light Assault Rifle Energy Gun Small Laser Ballistic Gun Light Assault Rifle Launcher Grenade Launcher Impact Weapon Hammer Build | -11 -10 -10 -10 ------- Run | Yrd Mat Min Exi Slots Evolved . | . . . . Power . | . . . . Propulsion . | . . . . Utility . | . . . . Weapon . | . . . . Parts Attached 50 | 7 13 15 15 Power 4 | 1 1 1 1 Engine 4 | 1 1 1 1 Core . | . . . . Reactor . | . . . . Propulsion 14 | 2 3 4 5 Treads 7 | 1 2 1 3 Leg . | . . . . Wheel 7 | 1 1 3 2 Hover . | . . . . Flight . | . . . . Utility 12 | 2 4 3 3 Device 4 | 1 2 1 . Storage 6 | 1 2 1 2 Processor . | . . . . Hackware . | . . . . Protection 2 | . . 1 1 Artifact . | . . . . Weapon 20 | 2 5 7 6 Energy Gun 1 | . 1 . . Energy Cannon . | . . . . Ballistic Gun 14 | 2 3 4 5 Ballistic Cannon . | . . . . Launcher 3 | . . 2 1 Special Weapon . | . . . . Impact Weapon 2 | . 1 1 . Slashing Weapon . | . . . . Piercing Weapon . | . . . . Special Melee Weapon . | . . . . Unidentified Prototypes . | . . . . Parts Lost 12 | . 2 4 6 Power 1 | . . 1 . Propulsion 5 | . . 3 2 Utility 2 | . 1 . 1 Weapon 4 | . 1 . 3 Highest Loss Streak 6 | . 1 2 6 To Critical Strikes 4 | . . . 4 Average Slot Usage (%) 87 | . 99 99 74 Engine 13 | . 14 13 14 Treads 13 | . 23 9 9 Wheel 14 | . 4 18 18 Device 6 | . 13 12 . Storage 13 | . 14 14 13 Protection 7 | . . 1 14 Ballistic Gun 14 | . 24 27 2 Naked Turns . | . . . . Heaviest Build 54 | 11 27 50 54 Greatest Support 40 | 20 40 40 40 Greatest Overweight (x) 5 | . 1 4 5 Average Overweight (x) 2 | . . 1 3 Largest Inventory Capacity 20 | 8 15 20 20 Average Capacity 18 | 7 14 19 19 Most Carried 20 | 7 15 20 20 Average Carried 16 | 4 14 16 18 Final Capacity 20 | 8 15 20 20 Final Carried 20 | 7 15 20 9 Class Distribution -------------------- 97% | Mutant Dominant Class ---------------- Mutant | -10/Materials Mutant | -10/Mines Mutant | -10/Exiles Resources | -11 -10 -10 -10 ----------- Run | Yrd Mat Min Exi Matter Collected 1491 | 290 539 326 336 Remotely . | . . . . Salvage Created 1083 | 105 494 484 . Parts 58 | 4 24 30 . Haulers Intercepted 1 | . 1 . . Recyclers Shooed 1 | 1 . . . Parts Field Recycled . | . . . . Retrieved Matter . | . . . . Parts Self-Destructed . | . . . . Prevented . | . . . . Kills | -11 -10 -10 -10 ------- Run | Yrd Mat Min Exi Combat Hostiles Destroyed 20 | . 8 10 2 Guns 17 | . 8 9 . AOE 2 | . . . 2 Classes Destroyed 9 | 2 5 1 1 Worker 1 | . 1 . . Builder 1 | . 1 . . Tunneler 3 | 1 . 2 . Hauler 1 | . 1 . . Recycler 2 | 1 1 . . Watcher 1 | . 1 . . Grunt 16 | . 8 8 . Sentry 2 | . . 2 . Assembled 2 | . . . 2 Best Kill Streak 4 | 2 4 4 2 Combat Bots Only 4 | . 4 3 2 Max Kills in Single Turn 1 | 1 1 1 1 Gunslinging . | . . . . Exploded 1 | . . . 1 Melee . | . . . . Uniques/NPCs Destroyed . | . . . . Combat | -11 -10 -10 -10 -------- Run | Yrd Mat Min Exi Hostile Shots Fired 151 | . 51 50 50 Missed 28 | . 11 8 9 Damage Taken 1793 | . 578 523 692 Core 261 | . 81 74 106 Absorbed by Shields . | . . . . Redirected to Shielding 5 | . . 5 . Core Remaining (%) 100 | 100 . . . Volleys Fired 129 | 10 48 50 21 Largest 2 | 2 2 2 2 Hottest 60 | 40 60 50 53 Shots Fired 255 | 20 96 100 39 Gun 249 | 20 96 98 35 Cannon . | . . . . Launcher 6 | . . 2 4 Special . | . . . . Kinetic 234 | 20 81 98 35 Thermal 15 | . 15 . . Explosive 6 | . . 2 4 Electromagnetic . | . . . . Robot Hit Streak 18 | 8 15 18 13 Robot Miss Streak 3 | 2 2 1 3 Penetration Max . | . . . . Secondary Targets 1 | . 1 . . Max Gunslinging Chain 1 | . 1 . . Shots Hit Robots 200 | 13 76 80 31 Core Hits 76 | 5 27 31 13 Critical Kills 1 | . 1 . . Critical Parts Destroyed 2 | . 1 1 . Critical Strikes 3 | . 2 1 . Destroy 3 | . 2 1 . Melee Attacks 7 | . 1 6 . Impact 7 | . 1 6 . Slashing . | . . . . Piercing . | . . . . Sneak Attacks . | . . . . Combat Hostiles . | . . . . Follow-up Attacks . | . . . . Damage Inflicted 2067 | 119 741 685 522 Guns 1829 | 119 741 685 284 Cannons . | . . . . Explosions 238 | . . . 238 Melee . | . . . . Ramming . | . . . . Kinetic 1669 | 119 581 685 284 Thermal 160 | . 160 . . Explosive 238 | . . . 238 Electromagnetic . | . . . . Impact . | . . . . Slashing . | . . . . Piercing . | . . . . Highest Corruption 1 | . 1 1 1 Average Corruption 1 | . 1 1 1 Corruption Purged . | . . . . Corruption Blocked . | . . . . Effects 26 | . 1 4 21 Message Errors 5 | . . 2 3 Matter Fused 9 | . 1 1 7 Heat Flow Errors 4 | . . . 4 Energy Discharges 3 | . . 1 2 Data Loss (minor) 5 | . . . 5 Overload Shots . | . . . . Overflow Damage . | . . . . Projectiles . | . . . . Explosions . | . . . . Melee . | . . . . Knockbacks . | . . . . Impact . | . . . . Kinetic . | . . . . Secondary . | . . . . Self-Inflicted Damage . | . . . . Shots . | . . . . Rammed . | . . . . Targets Rammed . | . . . . Kicked . | . . . . Crushed . | . . . . Highest Temperature 282 | . 18 16 282 Average Temperature 51 | . 9 9 74 Received Heat Transfer 554 | . 270 264 20 Siege Activations . | . . . . Robots Corrupted . | . . . . Combat Hostiles . | . . . . Parts Fried . | . . . . Impact Corruptions . | . . . . Robots Melted . | . . . . Combat Hostiles . | . . . . Parts Melted 1 | . 1 . . Heat Transferred 350 | . 350 . . Parts Sabotaged . | . . . . Parts Stolen . | . . . . Parts Stripped . | . . . . Power Chain Reactions . | . . . . Alert | -11 -10 -10 -10 ------- Run | Yrd Mat Min Exi Peak Influence 151 | 10 151 146 . Initial 11 | . 6 11 . Average 44 | 3 44 48 . Maximum Alert Level . | . . . . Low Security (%) 100 | 100 100 100 . Level 1 . | . . . . Level 2 . | . . . . Level 3 . | . . . . Level 4 . | . . . . Level 5 . | . . . . High Security . | . . . . Max Security . | . . . . Squads Dispatched 5 | . 4 1 . Investigation 4 | . 4 . . Extermination . | . . . . Reinforcement . | . . . . Assault 1 | . . 1 . Garrison . | . . . . Intercept . | . . . . Searches Triggered . | . . . . Construction Impeded . | . . . . Haulers Reinforced . | . . . . Active Scanning Responses . | . . . . Cargo Convoy Interrupts . | . . . . Stealth | -11 -10 -10 -10 --------- Run | Yrd Mat Min Exi Distress Signals . | . . . . Communications Jammed . | . . . . Distress Signals . | . . . . Times Spotted 35 | . 10 18 7 Peak Tracking Total 9 | . 4 4 9 Tactical Retreats 1 | . . 1 . Traps | -11 -10 -10 -10 ------- Run | Yrd Mat Min Exi Traps Triggered 3 | . 3 . . Indirectly . | . . . . Trap Hack Attempts . | . . . . Triggered . | . . . . Disarmed . | . . . . Reprogrammed . | . . . . Reused . | . . . . Traps Extracted . | . . . . Installed . | . . . . Triggered . | . . . . Machines | -11 -10 -10 -10 ---------- Run | Yrd Mat Min Exi Machines Disabled 1 | . . . 1 Max in Single Turn 1 | . . . 1 Machines Repaired . | . . . . Machines Dismantled . | . . . . Machines Sabotaged . | . . . . Overloaded Fab Kills . | . . . . Hacking | -11 -10 -10 -10 --------- Run | Yrd Mat Min Exi Machines Accessed 7 | . 5 . 2 Terminals 4 | . 4 . . Fabricators . | . . . . Repair Stations . | . . . . Recycling Units 1 | . 1 . . Scanalyzers . | . . . . Garrison Access . | . . . . Total Hacks 39 | . 15 . 24 Successful 31 | . 7 . 24 Failed 7 | . 7 . . Catastrophic . | . . . . Database Lockouts 1 | . 1 . . Manual 15 | . 14 . 1 Terminals 13 | . 13 . . Fabricators . | . . . . Repair Stations . | . . . . Recycling Units 2 | . 2 . . Scanalyzers . | . . . . Garrison Access . | . . . . Terminal Hacks 26 | . 2 . 24 Record 23 | . . . 23 Robot Analysis 2 | . 2 . . Derelict Proto ID Bank 1 | . . . 1 Fabricator Hacks . | . . . . Repair Station Hacks . | . . . . Recycling Unit Hacks 1 | . 1 . . Report Inventory 1 | . 1 . . Scanalyzer . | . . . . Garrison Access Hacks . | . . . . Unauthorized Hacks 4 | . 4 . . Terminals 3 | . 3 . . Botnet 3 | . 3 . . Fabricators . | . . . . Repair Stations . | . . . . Recycling Units 1 | . 1 . . Tunnel 1 | . 1 . . Scanalyzers . | . . . . Garrison Access . | . . . . Data Cores Recovered . | . . . . Used . | . . . . Hacking Detections 4 | . 4 . . Full Trace Events 1 | . 1 . . Feedback Events . | . . . . Feedback Blocked . | . . . . Robot Schematics Acquired . | . . . . Robots Built . | . . . . Authchips . | . . . . Time . | . . . . Total Robot Build Rating . | . . . . Part Schematics Acquired . | . . . . Parts Built . | . . . . Authchips . | . . . . Time . | . . . . Total Part Build Rating . | . . . . Parts Repaired . | . . . . Time . | . . . . Parts Recycled . | . . . . Recycled Matter . | . . . . Retrieved Matter . | . . . . Retrieved Components . | . . . . Parts Scanalyzed . | . . . . Part Schematics Acquired . | . . . . Parts Damaged . | . . . . Bothacking | -11 -10 -10 -10 ------------ Run | Yrd Mat Min Exi Used RIF Installer . | . . . . Robots Hacked . | . . . . Non-combat . | . . . . Combat . | . . . . Robot Hacks Applied . | . . . . Relay Couplers Released . | . . . . Fabnet Peak Effective % . | . . . . Robots Rewired . | . . . . Allies Hacked . | . . . . Hacks Repelled . | . . . . Allies | -11 -10 -10 -10 -------- Run | Yrd Mat Min Exi Total Allies 1 | . . 1 . Largest Group 1 | . . 1 . Highest-Rated Group 31 | . . 31 . Highest-Rated Ally 31 | . . 31 . Total Orders . | . . . . Ally Attacks 26 | . . 5 21 Total Damage 1245 | . . 104 1141 Kills 5 | . . 3 2 Allies Corrupted . | . . . . Allies Melted . | . . . . Turrets Deployed 3 | . . . 3 Intel | -11 -10 -10 -10 ------- Run | Yrd Mat Min Exi Robot Analysis Total 2 | . 2 . . Derelict Logs Recovered 1 | . . 1 . Drone Launches . | . . . . Drone Recoveries . | . . . . Exploration | -11 -10 -10 -10 ------------- Run | Yrd Mat Min Exi Turns Passed 4086 | 95 1146 933 1912 Spaces Moved 2696 | 51 681 562 1402 Core 1 | 1 . . . Treads 496 | 2 402 69 23 Legs . | . . . . Wheels 2199 | 48 279 493 1379 Hover . | . . . . Flight . | . . . . Fastest Speed 50 | 50 100 110 80 Average Speed 130 | 101 140 127 127 Slowest Speed 240 | 160 160 240 240 Overloaded Moves . | . . . . Propulsion Burnouts . | . . . . Robots Hopped . | . . . . Cave-ins Triggered . | . . . . Exploration Rate (%) 69 | 4 98 83 91 Regions Visited 3 Branch Regions 2 Pre-discovered Areas 2 | . 1 . 1 Known Exits Taken . | . . . . Unknown Exits Taken 3 | 1 1 1 . Scrap Searched 2 | . . 2 . Spaces Dug 6 | . 1 5 . Terrain Destroyed 29 | . 1 10 18 Melee 1 | . 1 . . Projectile . | . . . . AOE 28 | . . 10 18 Terrain Rammed . | . . . . Walls Destroyed . | . . . . Machines Disabled . | . . . . Actions | -11 -10 -10 -10 --------- Run | Yrd Mat Min Exi Total 3056 | 74 791 686 1505 Wait 53 | . 22 27 4 Move 2693 | 50 680 561 1402 Hop . | . . . . Pick Up 72 | 7 16 17 32 Fast Attach 10 | 7 1 . 2 Attach 12 | . 1 4 7 Detach 1 | . . . 1 Swap 28 | . 11 11 6 Drop 51 | . 11 10 30 Fire 129 | 10 48 50 21 Melee 7 | . 1 6 . Ram . | . . . . Kick . | . . . . Crush . | . . . . Escape Stasis . | . . . . Rewire . | . . . . Trap . | . . . . Miscellaneous . | . . . . Route ------- -11/Scrapyard -10/Materials (discovered 4 exits: [*Mat x3] / [*Min]) -10/Mines (discovered 3 exits: [*Mat x2] / *Exi) -10/Exiles (discovered 2 exits: [*Min x2]) History --------- Turn | Location | Event 18 | -11/Scrapyard | Discovered new exit (range 16) 96 | -11/Scrapyard | Entered Materials 175 | -10/Materials | Discovered new exit (range 6) 225 | -10/Materials | Met 8R-AWN 292 | -10/Materials | Discovered new exit (range 3) 301 | -10/Materials | Build established: Mutant 488 | -10/Materials | Discovered new exit (range 13) 871 | -10/Materials | Central database locked down 973 | -10/Materials | Discovered new exit (range 4) 1242 | -10/Materials | Entered Mines 1244 | -10/Mines | Followed 8R-AWN into the Mines 1274 | -10/Mines | Met a Derelict bent on vengeance 1321 | -10/Mines | Excavation squad dispatched 1321 | -10/Mines | A large section of the Mines collapsed 1571 | -10/Mines | Excavation squad dispatched 1704 | -10/Mines | Discovered new exit (range 6) 1746 | -10/Mines | Discovered new exit (range 13) 1788 | -10/Mines | Met a Derelict testing a Signal Generator 1957 | -10/Mines | Learned Materials terminal intel 2025 | -10/Mines | Discovered new exit (range 5) 2056 | -10/Mines | Core integrity fell below 50% 2137 | -10/Mines | Joined a pair of Derelicts in attacking an 0b10 outpost 2175 | -10/Mines | Entered Exiles 2196 | -10/Exiles | Discovered new exit (range 14) 2240 | -10/Exiles | Welcomed by 8R-AWN 2286 | -10/Exiles | Met EX-HEX 2373 | -10/Exiles | Met EX-DEC 2408 | -10/Exiles | Visited The Gauntlet 2556 | -10/Exiles | Learned location of Zion (-7) 2625 | -10/Exiles | Discovered new exit (range 11) 2712 | -10/Exiles | Met EX-BIN 2846 | -10/Exiles | Aligned with FarCom system 2848 | -10/Exiles | Given EX-Vault access code 2971 | -10/Exiles | Opened EX-Vault 3011 | -10/Exiles | Warned to stay clear of 0b10 Research branches 3067 | -10/Exiles | Learned about 8R-AWN's background 3788 | -10/Exiles | Found Deploy-a-Sentry 3790 | -10/Exiles | Found Deploy-a-Sentry 3792 | -10/Exiles | Found Deploy-a-Sentry 3913 | -10/Exiles | DAS Turret deployed 3940 | -10/Exiles | Attacked by the Exiles 3989 | -10/Exiles | DAS Turret deployed 4057 | -10/Exiles | DAS Turret deployed 4067 | -10/Exiles | Core integrity fell below 20% 4087 | -10/Exiles | Destroyed by 8R-AWN with 8R-AWN's Boregun Last Messages --------------- 04071_ Lgt. Assault Rifle destroyed. 04071_ HV Slug penetrates Earth. 04073_ Penetrated by HV Slug. 04078_ Critical hit (Destroy). 04078_ HV Slug penetrates Earth. 04078_ Penetrated by HV Slug. 04078_ HV Slug penetrates Earth. 04078_ 8R-AWN knocked back. 04081_ HV Slug penetrates Wall. 04081_ Penetrated by HV Slug. 04081_ Lgt. Assault Rifle destroyed. 04081_ HV Slug penetrates Earth. 04083_ Penetrated by HV Slug. 04084_ Destroyed Prototype Device. 04084_ 8R-AWN knocked back. 04085_ Penetrated by HV Slug. 04085_ HV Slug penetrates Wall. 04087_ Penetrated by HV Slug. 04087_ Lgt. Armor Plating destroyed. 04087_ Penetrated by HV Slug. Map ----- +----------------------------------------------------+ | ?????????????????????????????????????????????????? | | ?????????????####????????????????????????????????? | | ????????????## ##??????????????????????????????? | | ????????????# #??????????????????????????????? | | ????????????# < #??????????????????????????????? | | ????????????# ##?????????????????????????????? | | ????????????# ?????????????????????????????? | | ????????????# #?????????????????????????????? | | ?????????????# #?????????????????????????????? | | ?????????????# ##????????????????????????????? | | ??????????????# #????????????#######?????????? | | ??????????????# #######??????#!!! "#?????????? | | ??????????????# #""##?????# "#?????????? | | ??????????????## #?????# "#?????????? | | ???????????????##" = ##???## %""#?????????? | | ???????????????#"" !! #####" ""#?????????? | | ???????????????#### ##" g""#?????????? | | ??????????????????## #""%%%#???????????? | | ???????????????????#"## %%% ##??????????? | | ???????????????????####### % %* ##?????????? | | ?????????????????????????##; %% % ###???????? | | ???????????????????######## % ; #???????? | | ???????????????????# !!""" #???????? | | ???????????????????# ] ! % % ######??? | | ???????????????????# !! # ""#### | | ???????????????????# @ !!!#% # | | ???????????????????# " t##; ## | | ???????????????????###;;#;;;#???# #### | | ???????????????????? # ##????##??### | | ??????????????????# # # ##???????????### | | ?????????????????# ## ####??????????????## | | ?????????????????# ?# #???????????????????## | | ?????????????????#?# #?????????????????????##" | | ??????????????????# #???????????????????????#""" | | ?????????????????# #???????????????????????##" | | ????????????????? #????????????????????????#"" | | ???????????????? ??????????????????????????#""" | | ??????????????? ???????????????????????????""" | | ???????????????????????????????????????????""" | | ???????????????????????????????????????????"" | | ???????????????????????????????????????????""" | | ???????????????????????????????????????????"" | | ???????????????????????????????????????????#"" | | ???????????????????????????????????????????#"""" | | ????????????????????????????????????????????# | | ????????????????????????????????????????????#" | | ????????????????????????????????????????????#"""" | | ????????????????????????????????????????????#"" | | ????????????????????????????????????????????#" | | ????????????????????????????????????????????#""" | +----------------------------------------------------+ Best States ------------- Heat Dissipation 35 Energy Generation 10 Energy Capacity 250 Matter Stores 300 Matter Capacity 300 Sight Range 16 Terrain Scan Density 10 Armor Coverage 150 Core Shielding 20 Evasion (%) 44 Recoil Reduction 2 Item Schematics ----------------- None Robot Schematics ------------------ None Fabricated ------------ Nothing Alien Tech Used ----------------- None Achievements -------------- None Challenges ------------ None Game ------ Seed RelaySwordBlade Manual? 0 Play Time 00:35:59 Cumulative 271.0 hours Start 2024.06.17 @ 20:36:34 End 2024.06.17 @ 21:18:46 Sessions 1 Manual Loads 0 Difficulty Rogue Special Mode None Game No. 102 Rogue 102 Adventurer 0 Explorer 0 Win Type - Total 3 Types 1/0/1/0/0/0/1/0/0 Lore% 63 Gallery% 75 Achievement% 65 Wizard Run 0 Options --------- Layout 0 ASCII 1 Keyboard 1 Movement Numpad Keybinds 0 Fullscreen 1 Font 36/Smallcaps Map View 76x50 Zoom Use 0% Tactical HUD 1 Map Filters NONE Filters NONE Steam 1 RUN: 8ed553e7-5f28-4016-8eb1-ffeadf706dfd